 Dungeon Crawl Stone Soup version 0.23-a0-644-gb60d84b (webtiles) character file.

14 wazuzu the Vandal (level 2, -5/26 HPs)
             Began as a Naga Hunter on Jan 1, 2019.
             Killed from afar by Terence (6 damage)
             ... with a wand of flame (24)
             ... on level 2 of the Dungeon.
             The game lasted 00:02:43 (504 turns).

wazuzu the Vandal (Naga Hunter)                      Turns: 504, Time: 00:02:44

Health: -5/26      AC:  4    Str: 14    XL:     2   Next: 41%
Magic:  2/2        EV:  9    Int: 11    God:
Gold:   97         SH:  0    Dex: 11    Spells: 1/1 levels left

rFire    . . .     SeeInvis +   a - +1 hunting sling
rCold    . . .     Gourm    .   (no shield)
rNeg     . . .     Faith    .   c - +0 leather armour
rPois    +         Spirit   .   (no helmet)
rElec    .         Reflect  .   (no cloak)
rCorr    .         Harm     .   e - +1 pair of gloves
MR       .....                  (no barding)
Stlth    +.........             (no amulet)
HPRegen  0.08/turn              (no ring)
MPRegen  0.08/turn              (no ring)

@: about to teleport, short of breath, very slow
A: large, see invisible, deformed body, poison resistance, slowness 2, slow
metabolism 1, spit poison 1, AC +0
a: Spit Poison


You were on level 2 of the Dungeon.
You were not hungry.

You visited 1 branch of the dungeon, and saw 2 of its levels.

You collected 97 gold pieces.

Inventory:

Hand Weapons
 a - a +1 hunting sling (weapon)
 b - a +0 short sword
Missiles
 d - 17 sling bullets (quivered)
 n - 21 stones
Armour
 c - a +0 leather armour (worn)
 e - a +1 pair of gloves (worn)
Scrolls
 h - a scroll of remove curse {unknown}
 j - a scroll of fear {unknown}
 m - 2 scrolls of identify
 o - a scroll of immolation {unknown}
Potions
 i - a potion of magic
 k - a potion of brilliance
Comestibles
 f - 2 rations


   Skills:
 - Level 2.0 Fighting
 + Level 4.2 Slings
 - Level 1.5 Dodging
 - Level 1.5 Stealth


You had one spell level left.
You didn't know any spells.
Your spell library was empty.

Dungeon Overview and Level Annotations

Branches:
Dungeon (2/15)

Altars:

Annotations:
D:1 exclusion: 2 downstairs
D:2 Sigmund, Terence


Innate Abilities, Weirdness & Mutations

You cannot wear boots.
Your serpentine skin is tough. (AC +0)
You have supernaturally acute eyesight. (SInv)
Armour fits poorly on your strangely shaped body.
Your system is resistant to poisons. (rPois)
You cover ground very slowly.
You have a slow metabolism.
You can spit poison.


Message History

You resist with significant effort!
Things that are here:
a sling bullet; a leopard gecko corpse
Press: ? - help, Shift-Dir - straight line, f - Sigmund
Aim: Sigmund, wielding a +0 scythe and wearing a +0 robe
Okay, then!
As you read the scroll labeled ZAUDGH KYNOVUKK, it crumbles to dust!
You feel strangely unstable!
It was a scroll of teleportation!
Terence the Incautious comes into view!
He is wielding a +0 flail and carrying
Press: ? - help, Shift-Dir - straight line, f - Sigmund
Aim: Sigmund, wielding a +0 scythe and wearing a +0 robe The splash of poison misses Sigmund!
You feel slightly more hungry!
Terence zaps a wand!
The puff of flame hits you!!! * * * don't die
* * *
Okay, then!
Okay, then!
Sigmund points at you and mumbles some strange words!
You resist with significant effort!
Terence zaps a wand!
The puff of flame hits you!!! rip

#. #.# ### #<#
.... #.##..#
###....#
##...##.# #...##
# #.#.# ####...#
#..@.@## #...(##
...............
#..%#.....(.....
#...#...........
#.. #.?.........
#. #...........
## #.%.@.....(.
####.#######


You could see Sigmund and Terence.

Vanquished Creatures
  2 leopard geckos (D:2)
  4 hobgoblins
  2 bats (D:1)
  3 rats (D:1)
11 creatures vanquished.

Notes
Turn   | Place    | Note
-------+----------+-------------------------------------------
     0 | D:1      | wazuzu the Naga Hunter began the quest for the Orb.
     0 | D:1      | Reached XP level 1. HP: 19/19 MP: 1/1
   234 | D:1      | Reached skill level 4 in Slings
   234 | D:1      | Reached XP level 2. HP: 23/26 MP: 2/2
   452 | D:2      | Noticed Sigmund
   502 | D:2      | Noticed Terence
   503 | D:2      | HP: 1/26 [Terence/wand of flame (25) (10)]
   504 | D:2      | Killed from afar by Terence

Vault maps used:
D:1:      psy_arrival_fountain
D:2:      overflow_temple_1_default, first_ration, uniq_terence, uniq_sigmund

Skill      XL: |  1 |
---------------+----+-----
Slings         | 4 |  4.2
Fighting       | |  2.0
Dodging        | |  1.5
Stealth        | |  1.5

Action                   || total
-------------------------++-------
Melee: Short sword       ||    25
 Fire: Hunting sling     ||    10
 Abil: Spit Poison       ||     1
  Use: Scroll            ||     3
 Stab: Sleeping          ||     2
Armor: Leather armour    ||    21
Dodge: Dodged            ||    21

Table legend:
 A = Non-vault XP
 B = Vault XP
 C = Vault XP percentage of total XP
 D = Non-vault monster count
 E = Vault monster count
 F = Vault count percentage of total count
                 A         B        C        D         E       F
            +---------+---------+-------+---------+---------+-------
      Total |      20 |       0 |   0.0 |      11 |       0 |   0.0
            +---------+---------+-------+---------+---------+-------
        D:1 |      12 |       0 |   0.0 |       8 |       0 |   0.0
        D:2 |       8 |       0 |   0.0 |       3 |       0 |   0.0
            +---------+---------+-------+---------+---------+-------
